 Dungeon Crawl Stone Soup version 0.17-a0-2069-g0f4ee5b (webtiles) character file.

6160 Kidiri the Basher (level 10, -6/84 HPs)
             Began as a Minotaur Fighter on Oct 12, 2015.
             Was a Follower of Okawaru.
             Mangled by an orc warrior
             ... wielding a +3 hand axe of electrocution
              (13 damage)
             ... on level 9 of the Dungeon on Oct 13, 2015.
             The game lasted 00:34:27 (11376 turns).

Kidiri the Basher (Minotaur Fighter)               Turns: 11376, Time: 00:34:28

Health: -6/84      AC: 19    Str: 23    XL:     10   Next: 60%
Magic:  13/13      EV:  8    Int:  6    God:    Okawaru [*.....]
Gold:   588        SH: 11    Dex: 10    Spells: 6 memorised, 1 level left

rFire  . . .     SeeInvis .     u - +2 mace (holy)
rCold  . . .     Clarity  .     C - +0 plate armour
rNeg   + . .     SustAt   .     c - +0 shield
rPois  .         Gourm    .     (helmet restricted)
rElec  .         Spirit   .     (no cloak)
rCorr  .         Warding  .     n - +2 pair of gloves
rMut   .         Stasis   .     L - +1 pair of boots
MR     .....                    (no amulet)
Stlth  ..........               J - ring of wizardry
                                t - ring of positive energy

@: not resistant to hostile enchantments, extremely unstealthy
A: retaliatory headbutt, horns 2
a: Heroism, Renounce Religion


You were on level 9 of the Dungeon.
You worshipped Okawaru.
Okawaru was aware of your devotion.
You were not hungry.

You visited 2 branches of the dungeon, and saw 10 of its levels.

You collected 588 gold pieces.

Inventory:

Hand Weapons
 a - a +0 flail
 u - a +2 mace of holy wrath (weapon)
 Q - a +1 flail of holy wrath
Missiles
 A - 6 javelins of returning (quivered)
Armour
 c - a +0 shield (worn)
 n - a +2 pair of gloves (worn)
 B - a +0 chain mail
 C - a +0 plate armour (worn)
 L - a +1 pair of boots (worn)
Jewellery
 t - a ring of positive energy (left hand)
 E - an uncursed ring of ice
 J - a ring of wizardry (right hand)
Wands
 b - a wand of draining (9)
 d - a wand of paralysis (0)
 h - a wand of fire (8)
 p - a wand of teleportation (0)
 F - a wand of slowing (16)
 I - a wand of slowing (41)
Scrolls
 f - 2 scrolls of amnesia {unknown}
 j - 2 scrolls of blinking
 o - 2 scrolls of remove curse
 r - 3 scrolls of magic mapping {unknown}
 s - 2 scrolls of immolation
 v - a scroll of noise
 w - 4 scrolls of enchant armour {unknown}
 y - a scroll of enchant weapon {unknown}
 D - 3 scrolls of teleportation {unknown}
 G - 2 scrolls of fog {unknown}
 P - 2 scrolls of random uselessness
Potions
 i - 3 potions of brilliance
 k - 2 potions of cancellation
 l - 3 potions of agility
 m - a potion of flight
 q - 4 potions of ambrosia
 z - 3 potions of haste
Books
 H - a book of the Dragon

   Spells                             Type                      Level
   a - Flame Tongue                   Conjuration/Fire             1
   b - Cause Fear                     Hexes                        4
   c - Bolt of Fire                   Conjuration/Fire             6
   d - Dragon Form                    Transmutation                7
   e - Dragon's Call                  Summoning                    9
 K - a book of the Sky

   Spells                             Type                      Level
   a - Summon Lightning Spire         Summoning/Air                4
   b - Airstrike                      Air                          4
   c - Silence                        Hexes/Air                    5
   d - Deflect Missiles               Charms/Air                   6
   e - Conjure Ball Lightning         Conjuration/Air              6
   f - Tornado                        Air                          9
 O - a book of Battle

   Spells                             Type                      Level
   a - Infusion                       Charms                       1
   b - Shroud of Golubria             Charms/Translocation         2
   c - Song of Slaying                Charms                       2
   d - Spectral Weapon                Hexes/Charms                 3
   e - Regeneration                   Charms/Necromancy            3
Comestibles
 e - 2 bread rations
 g - 6 meat rations
 M - 8 chunks of flesh
 N - 7 slices of pizza


   Skills:
 + Level 6.6 Fighting
 * Level 8.4 Maces & Flails
 + Level 2.4 Throwing
 * Level 8.0 Armour
 * Level 6.6 Dodging
 * Level 8.2 Shields
 * Level 3.2 Spellcasting
 + Level 3.0 Conjurations
 + Level 2.1 Hexes
 + Level 0.0 Charms
 + Level 2.9 Fire Magic
 + Level 0.8 Invocations


You had one spell level left.
You knew the following spells:

 Your Spells              Type           Power        Failure   Level  Hunger
a - Flame Tongue          Conj/Fire      #....        98%         1    ##.....
b - Throw Flame           Conj/Fire      #.....       99%         2    ###....
c - Conjure Flame         Conj/Fire      #.......     100%        3    ####...
d - Inner Flame           Hex/Fire       #.......     100%        3    ####...
e - Sticky Flame          Conj/Fire      #.......     100%        4    #####..
f - Infusion              Chrm           #.....       100%        1    ##.....


Dungeon Overview and Level Annotations

Branches:
Dungeon (9/15)             Temple (1/1) D:7
   Lair: D:8-11         Orc: D:9-12

Altars:
Ashenzari
Cheibriados
Dithmenos
Elyvilon
Fedhas
Gozag
Kikubaaqudgha
Makhleb
Nemelex Xobeh
Okawaru
Qazlal
Ru
Sif Muna
Trog
Vehumet
Xom
Yredelemnul
Zin
The Shining One
Beogh
Jiyva

Shops:
D:7 =


Innate Abilities, Weirdness & Mutations

You reflexively headbutt those who attack you in melee.
You have a pair of horns on your head.


Message History

The orc warrior hits you but does no damage.
You are electrocuted!
* * * LOW HITPOINT WARNING * * *
Unknown command.
Drink which item? (? for menu, Esc to quit)
You feel better.
Drink which item? (? for menu, Esc to quit)
You don't have any such object.
Drink which item? (? for menu, Esc to quit)
Okay, then.
Unknown command.
Drink which item? (? for menu, Esc to quit)
Okay, then.
You hit the orc warrior but do no damage.
Your headbutt misses the orc warrior.
The orc warrior is heavily wounded.
The orc warrior hits you with a hand axe of electrocution.
* * * LOW HITPOINT WARNING * * *
You are electrocuted!
You die... #.# #.# #.# . #.# .. ######.##### .oJ

## #..........# #8o8##.
####..........#
.......###......:......#
#>..>..#@..##..........#
.......o[####..........#
#......### #..........#
#...... #..........#
#)..... #..........#
####.## #..........# #.
#.....[....# #


You could see an orc warrior.

Vanquished Creatures
  Pikel (D:7)
  A troll (D:9)
  Grinder (D:5)
  A yak (D:7)
  A hungry ghost (D:7)
  A human (D:7)
  A hog (D:7)
  Edmund (D:5)
  A hippogriff (D:7)
  2 water moccasins
  5 orc warriors
  Duvessa (D:4)
  2 ice beasts
  A sky beast (D:5)
  3 slaves (D:7)
  5 ogres
  3 centaurs
  A phantom (D:5)
  3 giant frogs
  Dowan (D:4)
  4 scorpions
  11 killer bees
  4 hounds
  5 crimson imps
  13 orc priests
  3 jellies
  5 iguanas
  12 orc wizards
  2 sheep (D:7)
  5 worker ants
  2 worker ant zombies
  13 adders
  3 shadow imps
  6 oozes
  An adder zombie (D:8)
  7 giant geckos
  42 orcs
  A ball python (D:4)
  10 bats
  3 giant cockroaches
  5 goblins
  9 hobgoblins
  16 jackals
  2 quokkas
  A ball python skeleton (D:4)
  A giant gecko zombie (D:5)
  8 giant newts
  2 jackal skeletons (D:4)
  4 kobolds
  A quokka zombie (D:8)
  13 rats
250 creatures vanquished.

Vanquished Creatures (others)
  A toadstool (D:4)
1 creature vanquished.

Grand Total: 251 creatures vanquished

Notes
Turn   | Place    | Note
--------------------------------------------------------------
     0 | D:1      | Kidiri the Minotaur Fighter began the quest for the Orb.
     0 | D:1      | Reached XP level 1. HP: 19/19 MP: 0/0
    59 | D:1      | Reached XP level 2. HP: 13/27 MP: 1/1
   284 | D:1      | Reached skill level 1 in Dodging
   319 | D:1      | Upgraded the game from 0.17-a0-2064-g265a032 to 0.17-a0-2069-g0f4ee5b
   415 | D:1      | Reached skill level 4 in Fighting
   716 | D:1      | Reached XP level 3. HP: 31/33 MP: 2/2
  1262 | D:2      | Reached XP level 4. HP: 40/40 MP: 3/3
  1769 | D:3      | Reached XP level 5. HP: 41/46 MP: 4/4
  1857 | D:3      | Found a glowing silver altar of Zin.
  2033 | D:3      | Learned a level 1 spell: Flame Tongue
  2045 | D:3      | Found a glowing golden altar of the Shining One.
  3123 | D:4      | Learned a level 2 spell: Throw Flame
  3133 | D:4      | Reached XP level 6. HP: 51/53 MP: 5/5
  3509 | D:4      | Found a shimmering altar of Xom.
  3519 | D:4      | Reached skill level 1 in Conjurations
  3589 | D:4      | Reached skill level 5 in Shields
  3589 | D:4      | Reached XP level 7. HP: 52/60 MP: 5/7
  3648 | D:4      | Noticed Duvessa
  3648 | D:4      | Noticed Dowan
  3674 | D:4      | Killed Duvessa
  3674 | D:4      | Reached skill level 5 in Armour
  3693 | D:4      | Killed Dowan
  3693 | D:4      | Reached skill level 5 in Maces & Flails
  3693 | D:4      | Reached skill level 1 in Fire Magic
  3949 | D:4      | Noticed an ogre
  3954 | D:4      | Killed an ogre
  3954 | D:4      | Reached skill level 1 in Spellcasting
  4006 | D:4      | Reached skill level 5 in Fighting
  4106 | D:4      | Found a viscous altar of Jiyva.
  4383 | D:5      | Entered Level 5 of the Dungeon
  4414 | D:5      | Noticed Grinder
  4429 | D:5      | Paralysed by Grinder for 3 turns
  4436 | D:5      | Paralysed by Grinder for 4 turns
  4498 | D:5      | Learned a level 3 spell: Conjure Flame
  4757 | D:5      | Reached XP level 8. HP: 68/68 MP: 8/8
  4978 | D:5      | Learned a level 3 spell: Inner Flame
  5268 | D:5      | Killed Grinder
  5268 | D:5      | Reached skill level 6 in Maces & Flails
  5363 | D:5      | Noticed Edmund
  5399 | D:5      | Killed Edmund
  5989 | D:4      | Reached skill level 1 in Throwing
  6043 | D:6      | Reached skill level 5 in Dodging
  6182 | D:6      | Reached skill level 1 in Hexes
  6182 | D:6      | Reached XP level 9. HP: 74/74 MP: 11/11
  7800 | D:7      | Reached skill level 7 in Maces & Flails
  8050 | D:7      | Found a staircase to the Ecumenical Temple.
  8067 | Temple   | Entered the Ecumenical Temple
  8331 | D:7      | Found Pevaleem's Jewellery Boutique.
  8350 | D:7      | Learned a level 4 spell: Sticky Flame
  8376 | D:7      | Noticed Pikel
  8405 | D:7      | Killed Pikel
  8731 | D:7      | Found a roughly hewn altar of Beogh.
  8772 | D:7      | Reached XP level 10. HP: 69/83 MP: 13/13
  9673 | D:8      | Reached skill level 8 in Maces & Flails
 10125 | D:8      | Found a deep blue altar of Sif Muna.
 10125 | D:8      | Found a shattered altar of Ashenzari.
 10126 | D:8      | Found a blossoming altar of Fedhas.
 10146 | D:8      | Found an iron altar of Okawaru.
 10467 | D:8      | Became a worshipper of Warmaster Okawaru
 10495 | D:8      | Found a deep blue altar of Sif Muna.
 11259 | D:9      | Learned a level 1 spell: Infusion
 11320 | D:9      | Reached * piety under Okawaru
 11374 | D:9      | HP: 2/84 [orc warrior/hand axe of electrocution (19)]
 11376 | D:9      | Mangled by an orc warrior

Vault maps used:
D:1:      minmay_arrival_jagged
D:2:      kennysheep_pointless_box
D:3:      overflow_temple_1_default, nicolae_tso_carved_into_rock, first_bread,
          minmay_distorted
D:4:      nicolae_overflow_crystal_walls, lasty_cornered_adventurer,
          uniq_duvessa
D:5:      serial_bayou_ford_a, uniq_grinder, uniq_edmund
D:6:      dk_rats_in_the_wall
D:7:      temple_statues, serial_shops,
          nicolae_shop_temple_entry_statues_fountains, grunt_livestock,
          minmay_holes, minmay_misc_feat_diagonals, david_defended_altar_orc,
          uniq_pikel
D:8:      nicolae_overflow_quartered_altars, lemuel_blue_sif_altar
D:9:      david_orc_5, uniq_erica
Temple:   zaba_magenta_temple_12

Action                   |  1- 3 |  4- 6 |  7- 9 | 10-12 || total
-------------------------+-------+-------+-------+-------++-------
Melee: Flail             |    87 |   174 |   490 |   244 ||   995
       Mace              |       |       |       |     7 ||     7
  Use: Scroll            |     4 |     3 |     6 |     3 ||    16
       Potion            |       |     2 |     4 |     2 ||     8
  Eat: Chunk             |     1 |     3 |    10 |     2 ||    16
       Bread ration      |       |     1 |     2 |     1 ||     4
       Beef jerky        |       |       |     2 |     2 ||     4
       Pizza             |       |       |     2 |       ||     2
